 Dungeon Crawl Stone Soup version 0.30-a0-937-ga0a21ad780 (webtiles) character file.

Game seed: 7178047738061308974

170 bande the Covered (level 5, -2/36 HPs)
             Began as a Gargoyle Fighter on Mar 25, 2023.
             Slain by a gnoll
             ... wielding a +0 flail
              (6 damage)
             ... on level 3 of the Dungeon.
             The game lasted 00:03:26 (1615 turns).

bande the Covered (Gargoyle Fighter)                Turns: 1615, Time: 00:03:27

Health: -2/36      AC: 13    Str: 20    XL:     5   Next: 51%
Magic:  5/5        EV:  9    Int:  8    God:
Gold:   133        SH:  5    Dex: 13    Spells: 4/4 levels left

rFire   . . .      SeeInvis .    a - +1 war axe
rCold   . . .      Faith    .    c - +0 buckler
rNeg    + . .      Spirit   .    b - +0 scale mail
rPois   ∞          Reflect  .    e - +2 hat
rElec   +          Rampage  .    (no cloak)
rCorr   .                        (no gloves)
Will    .....                    (no boots)
Stlth   +                        (no amulet)
HPRegen 0.26/turn                (no ring)
MPRegen 0.09/turn                (no ring)

@: no status effects
A: sickness immunity, AC +4, negative energy resistance 1, electricity
resistance, torment resistance 1, petrification resistance, thin skeletal
structure 1, robust 1
a: no special abilities


You were on level 3 of the Dungeon.
You visited 1 branch of the dungeon, and saw 3 of its levels.

You collected 133 gold pieces.

Inventory:

Hand Weapons
 a - a +1 war axe (weapon)
 h - a +0 flail
Armour
 b - a +0 scale mail (worn)
 c - a +0 buckler (worn)
 e - a +2 hat (worn)
Scrolls
 f - a scroll of enchant weapon
 g - a scroll of identify
Potions
 d - a potion of might


   Skills:
 + Level 4.1 Fighting
 + Level 3.4 Axes
 + Level 4.2 Armour
 + Level 4.0 Shields


You had 4 spell levels left.
You didn't know any spells.
Your spell library contained the following spells:

 Spells                   Type           Power      Damage    Failure   Level
 Lesser Beckoning         Tloc           0%         N/A       93%         2
 Poisonous Vapours        Pois/Air       0%         N/A       93%         2
 Gell's Gravitas          Tloc           0%         N/A       99%         3
 Mephitic Cloud           Conj/Pois/Air  0%         N/A       99%         3
 Teleport Other           Tloc           0%         N/A       99%         3
 Cigotuvi's Dreadful Rot  Necr/Pois/Air  Unusable   N/A       N/A         2

Dungeon Overview and Level Annotations

Branches:
Dungeon (3/15)

Altars:

Annotations:
D:3 2 runed translucent doors


Innate Abilities, Weirdness & Mutations

You are immune to sickness and miasma.
Your stone body is resilient. (AC +4)
You are immune to poison.
You resist negative energy. (rN+)
You are resistant to electric shocks. (rElec)
You are resistant to unholy torment.
You are immune to petrification.
You have a somewhat thin skeletal structure. (Dex +2, Stealth+)
You are robust. (+10% HP)


Message History

The jackal completely misses you.
The orc throws a boomerang.
The boomerang closely misses you. You block the gnoll's attack.
The jackal bites you but does no damage.
A gnoll comes into view. It is wielding a +0 halberd.
Unknown command.
You barely miss the jackal.
The jackal is heavily wounded.
The gnoll shouts!
The jackal bites you but does no damage.
The gnoll closely misses you. The jackal closely misses you.
The gnoll splashes around in the water.
You closely miss the jackal.
The jackal is moderately wounded.
The jackal closely misses you. The gnoll misses you.
The jackal barely misses you.
Unknown command.
You slash the jackal!
You kill the jackal!
The orc throws a boomerang.
You block the boomerang. The gnoll closely misses you.
You closely miss the gnoll. The gnoll barely misses you.
The gnoll hits you from afar with a +0 halberd.
The gnoll hits you but does no damage.
The gnoll hits you from afar with a +0 halberd!
Unknown command.
You slash the gnoll!
You kill the gnoll!
You block the gnoll's attack.
The gnoll hits you from afar with a +0 halberd.
The gnoll closely misses you.
You closely miss the gnoll. You block the gnoll's attack. x2
The gnoll hits you with a +0 flail!
* * * LOW HITPOINT WARNING * * *
The gnoll hits you from afar with a +0 halberd.
* * * LOW HITPOINT WARNING * * *
The orc throws a boomerang.
The boomerang closely misses you.
Unknown command.
You hit the gnoll but do no damage. You block the gnoll's attack.
The gnoll hits you with a +0 flail.
You die...

#.#.~≈~....#
#.#.~≈~....#
#'###≈≈....# ##++++#
##########...#≈~P...#
.......
.........#.g.#≈~....#
~~....~
~~~~~~~o~#####≈~....#
≈~....~
~≈≈≈≈~≈≈≈≈≈≈≈≈≈≈....#
~~....~
≈~~~~g≈≈≈~≈~~~≈~...P#
........
......g@............#
....>..
###..g###############
####.#. #.# #.. #
####.# ..##.#
.....#######
............
..#..######.


You could see 3 gnolls and an orc.

Vanquished Creatures
  2 howler monkeys (D:3)
  2 gnolls (D:3)
  2 adders (D:2)
  2 dart slugs (D:1)
  2 orcs (D:3)
  2 endoplasms (D:2)
  2 goblins
  3 hobgoblins
  14 jackals
  6 ball pythons
  2 bats (D:1)
  4 frilled lizards
  3 kobolds
  3 rats
49 creatures vanquished.

Vanquished Creatures (others)
  A plant (D:3)
1 creature vanquished.

Grand Total: 50 creatures vanquished

Notes
Turn   | Place    | Note
-------+----------+-------------------------------------------
     0 | D:1      | bande the Gargoyle Fighter began the quest for the Orb.
     0 | D:1      | Reached XP level 1. HP: 14/14 MP: 1/1
   243 | D:1      | Reached XP level 2. HP: 19/19 MP: 2/2
   731 | D:2      | Reached XP level 3. HP: 19/23 MP: 3/3
  1107 | D:3      | Gained mutation: You are occasionally teleported next to
                  | monsters. [potion of mutation]
  1107 | D:3      | Gained mutation: You are strong-willed. (Will+) [potion of
                  | mutation]
  1107 | D:3      | Gained mutation: You have a somewhat thin skeletal
                  | structure. (Dex +2, Stealth+) [potion of mutation]
  1108 | D:3      | Lost mutation: You are occasionally teleported next to
                  | monsters. [potion of mutation]
  1108 | D:3      | Lost mutation: You are strong-willed. (Will+) [potion of
                  | mutation]
  1108 | D:3      | Lost mutation: You have a somewhat thin skeletal structure.
                  | (Dex +2, Stealth+) [potion of mutation]
  1108 | D:3      | Gained mutation: You are robust. (+10% HP) [potion of
                  | mutation]
  1108 | D:3      | Gained mutation: You have a somewhat thin skeletal
                  | structure. (Dex +2, Stealth+) [potion of mutation]
  1229 | D:3      | Identified the +0 leather armour of a Gauntlet {Int+2
                  | Stlth+}
  1232 | D:3      | Found a runed translucent gate.
  1232 | D:3      | Identified the +5 ring mail of Least Resistance {rN+ Str+5}
  1233 | D:3      | Found a runed translucent gate.
  1284 | D:3      | Reached XP level 4. HP: 29/31 MP: 4/4
  1469 | D:3      | Reached XP level 5. HP: 32/36 MP: 5/5
  1615 | D:3      | Slain by a gnoll

Illustrated notes

Levels and vault maps discovered:
D:1:      scummos_arrival_simple_fountains, layout_rooms, minmay_split_cup_small
D:2:      layout_rooms, minivault_26
D:3:      lemuel_castle_with_subvaults [lemuel_castle_interior_original],
          layout_basic, lemuel_tele_altar, biasface_ghost_orc_armoury,
          wander_ebering_terrifying_dragon_lair

Skill      XL: |  1  2  3  4  5 |
---------------+----------------+-----
Axes           | 2 3 |  3.4
Armour         | 4 |  4.2
Fighting       | 4 |  4.1
Shields        | 4 |  4.0

Action                     |  1- 3 |  4- 6 || total
---------------------------+-------+-------++-------
  Melee: War axe           |   104 |    43 ||   147
    Use: Scroll            |     7 |       ||     7
         Potion            |     2 |       ||     2
 Armour: Scale mail        |    59 |    32 ||    91
  Dodge: Dodged            |    58 |    34 ||    92
  Block: Buckler           |    24 |    19 ||    43

Table legend: (Time is in decaauts)
 A = Elapsed time spent in this place.
 B = Non-inter-level travel time spent in this place.
 C = Inter-level travel time spent in this place.
 D = Time resting spent in this place.
 E = Time spent auto-exploring this place.
 F = Levels seen in this place.
 G = Mean time per level.
                   A        B        C        D        E       F      G
               +--------+--------+--------+--------+--------+-----+--------+
         Total |   1677 |   1677 |      0 |    150 |   1070 |   3 |  559.0 |
       Dungeon |   1677 |   1677 |      0 |    150 |   1070 |   3 |  559.0 |
               +--------+--------+--------+--------+--------+-----+--------+

Top non-repeatable levels by time:
     D:3: 613 daAuts
     D:2: 538 daAuts
     D:1: 524 daAuts
